IL
DURHAM BULLS @ FRESNO GRIZZLIES
08/04/2049
 
TOP OF THE 1ST
Durham Bulls batting - Pitching for Fresno Grizzlies : RHP Andy Montelongo
Pitching: RHP Andy Montelongo
Batting: LHB Darryl Gonnella 0-0: Ball
1-0: Foul Ball, location: 2F
1-1: SINGLE (Line Drive, 6D, EV 99.4 MPH)
Batting: RHB Alex Diaz 0-0: Called Strike
0-1: Ball
Darryl Gonnella steals 2nd base
1-1: Ball
2-1: Swinging Strike
2-2: Strikes out swinging
Batting: LHB Davion Lewis 0-0: Ground out U3 (Groundball, 3, EV 98.1 MPH)
Darryl Gonnella to third
Batting: LHB Eric Toney 0-0: Ground out U3 (Groundball, 3, EV 78.8 MPH)
Top of the 1st over - 0 runs, 1 hit, 0 errors, 1 left on base; Durham 0 - Fresno 0
BOTTOM OF THE 1ST
Fresno Grizzlies batting - Pitching for Durham Bulls : RHP Larry Bower
Pitching: RHP Larry Bower
Batting: RHB Chris Trites 0-0: SINGLE (Line Drive, 7S, EV 94.4 MPH)
Batting: LHB Chris Cabrera 0-0: Called Strike
0-1: Ball
1-1: Called Strike
Chris Trites is caught stealing 2nd base 2-6
1-2: Ball
2-2: Ball
3-2: Foul Ball, location: 2F
3-2: Foul Ball, location: 2F
3-2: Ground out 6-3 (Groundball, 6S, EV 71.2 MPH)
Batting: LHB Bob Govella 0-0: Called Strike
0-1: DOUBLE (Flyball, 89XD, EV 113.1 MPH)
Batting: RHB Elijah Hunter 0-0: Ground out 5-3 (Groundball, 5, EV 91.9 MPH)
Bottom of the 1st over - 0 runs, 2 hits, 0 errors, 1 left on base; Durham 0 - Fresno 0
TOP OF THE 2ND
Durham Bulls batting - Pitching for Fresno Grizzlies : RHP Andy Montelongo
Batting: RHB Jose Arriola 0-0: Called Strike
0-1: Foul Ball, location: 2F
0-2: Strikes out looking
Batting: RHB Sesto Carpini 0-0: Called Strike
0-1: Called Strike
0-2: Strikes out swinging
Batting: LHB Danny Hull 0-0: Ball
1-0: Ground out 4-3 (Groundball, 4M, EV 91.2 MPH)
Top of the 2nd over - 0 runs, 0 hits, 0 errors, 0 left on base; Durham 0 - Fresno 0
BOTTOM OF THE 2ND
Fresno Grizzlies batting - Pitching for Durham Bulls : RHP Larry Bower
Batting: RHB Bruce Bermudez 0-0: Ball
1-0: Ball
2-0: Ball
3-0: Swinging Strike
3-1: Foul Ball, location: 2F
3-2: Foul Ball, location: 2F
3-2: Base on Balls
Batting: RHB Etsuro Hosokawa 0-0: Called Strike
Bruce Bermudez is caught stealing 2nd base 2-4
0-1: Foul Ball, location: 2F
0-2: Strikes out swinging
Batting: RHB Sam Spohn 0-0: Foul Ball, location: 2F
0-1: Ball
1-1: Swinging Strike
1-2: Hit by Pitch
Batting: RHB Nick Deegan 0-0: Ball
1-0: Ball
2-0: Foul Ball, location: 2F
2-1: Fly out, F5 (Popup, 5S, EV 90.6 MPH)
Bottom of the 2nd over - 0 runs, 0 hits, 0 errors, 1 left on base; Durham 0 - Fresno 0
TOP OF THE 3RD
Durham Bulls batting - Pitching for Fresno Grizzlies : RHP Andy Montelongo
Batting: RHB James Huddleston 0-0: Ball
1-0: Called Strike
1-1: DOUBLE (Line Drive, 8RXD, EV 99.4 MPH)
Batting: RHB Roberto Aispuro 0-0: Ball
1-0: Ball
Wild Pitch!
James Huddleston to third
2-0: Swinging Strike
2-1: Foul Ball, location: 2F
2-2: Ball
3-2: Base on Balls
Batting: LHB Darryl Gonnella 0-0: Called Strike
0-1: Swinging Strike
0-2: Ball
1-2: Strikes out swinging
Batting: RHB Alex Diaz 0-0: Ball
1-0: Ball
2-0: Ball
3-0: Base on Balls
Roberto Aispuro to second
Batting: LHB Davion Lewis 0-0: Called Strike
0-1: Ball
1-1: Ball
2-1: Foul Ball, location: 2F
2-2: Strikes out swinging
Batting: LHB Eric Toney 0-0: Ball
1-0: Called Strike
1-1: Called Strike
1-2: Ball
2-2: Ball
3-2: Base on Balls
James Huddleston scores
Roberto Aispuro to third
Alex Diaz to second
Batting: RHB Jose Arriola 0-0: Ball
1-0: Ball
2-0: Called Strike
2-1: Ground out 4-3 (Groundball, 4, EV 78.1 MPH)
Top of the 3rd over - 1 run, 1 hit, 0 errors, 3 left on base; Durham 1 - Fresno 0
BOTTOM OF THE 3RD
Fresno Grizzlies batting - Pitching for Durham Bulls : RHP Larry Bower
Batting: SHB Ryan Chicoine 0-0: Ball
1-0: Foul Ball, location: 2F
1-1: SINGLE (Groundball, 6S, EV 63.1 MPH) (infield hit)
Batting: RHB Chris Trites 0-0: Ball
1-0: Ball
2-0: Swinging Strike
2-1: Swinging Strike
2-2: Strikes out looking
Batting: LHB Chris Cabrera 0-0: Called Strike
Ryan Chicoine is caught stealing 2nd base 2-6
0-1: Foul Ball, location: 2F
0-2: Foul Ball, location: 2F
0-2: Ball
1-2: Ball
2-2: Foul Ball, location: 2F
2-2: Ball
3-2: Foul Ball, location: 2F
3-2: Foul Ball, location: 2F
3-2: Fly out, F2 (Popup, 5SF, EV 84.4 MPH)
Bottom of the 3rd over - 0 runs, 1 hit, 0 errors, 0 left on base; Durham 1 - Fresno 0
TOP OF THE 4TH
Durham Bulls batting - Pitching for Fresno Grizzlies : RHP Andy Montelongo
Batting: RHB Sesto Carpini 0-0: Ball
1-0: Foul Ball, location: 2F
1-1: Called Strike
1-2: Foul Ball, location: 2F
1-2: Fly out, F9 (Line Drive, 9S, EV 98.1 MPH)
Batting: LHB Danny Hull 0-0: Called Strike
0-1: Foul Ball, location: 2F
0-2: Foul Ball, location: 2F
0-2: Strikes out swinging
Batting: RHB James Huddleston 0-0: Ball
1-0: Ground out 6-3 (Groundball, 6, EV 86.2 MPH)
Top of the 4th over - 0 runs, 0 hits, 0 errors, 0 left on base; Durham 1 - Fresno 0
BOTTOM OF THE 4TH
Fresno Grizzlies batting - Pitching for Durham Bulls : RHP Larry Bower
Batting: LHB Bob Govella 0-0: Ball
1-0: Called Strike
1-1: Ball
2-1: Swinging Strike
2-2: Ball
3-2: Ground out 4-3 (Groundball, 4, EV 88.1 MPH)
Batting: RHB Elijah Hunter 0-0: Foul Ball, location: 2F
0-1: Ball
1-1: Foul Ball, location: 2F
1-2: Strikes out swinging, 2-3 out at first.
Batting: RHB Bruce Bermudez 0-0: Ball
1-0: Ground out 6-3 (Groundball, 6, EV 90.6 MPH)
Bottom of the 4th over - 0 runs, 0 hits, 0 errors, 0 left on base; Durham 1 - Fresno 0
TOP OF THE 5TH
Durham Bulls batting - Pitching for Fresno Grizzlies : RHP Andy Montelongo
Batting: RHB Roberto Aispuro 0-0: Swinging Strike
0-1: Ball
1-1: Ground out 5-3 (Groundball, 56, EV 106.2 MPH)
Batting: LHB Darryl Gonnella 0-0: Foul Ball, location: 2F
0-1: Fly out, F8 (Flyball, 8LM, EV 81.2 MPH)
Batting: RHB Alex Diaz 0-0: Ball
1-0: Ball
2-0: Called Strike
2-1: Ball
3-1: Foul Ball, location: 2F
3-2: Foul Ball, location: 2F
3-2: Base on Balls
Batting: LHB Davion Lewis 0-0: Fielders Choice at 2nd, 6-4 (Groundball, 6, EV 108.8 MPH)
Top of the 5th over - 0 runs, 0 hits, 0 errors, 1 left on base; Durham 1 - Fresno 0
BOTTOM OF THE 5TH
Fresno Grizzlies batting - Pitching for Durham Bulls : RHP Larry Bower
Batting: RHB Etsuro Hosokawa 0-0: Ball
1-0: SINGLE (Line Drive, 4M, EV 96.2 MPH)
Batting: RHB Sam Spohn 0-0: Swinging Strike
0-1: Foul Ball, location: 2F
0-2: Strikes out swinging
Batting: RHB Nick Deegan 0-0: Swinging Strike
Etsuro Hosokawa steals 2nd base
0-1: Foul Ball, location: 2F
0-2: Ball
Passed Ball!
Etsuro Hosokawa to third
1-2: Ball
2-2: Ball
3-2: Strikes out swinging
Batting: SHB Ryan Chicoine 0-0: Called Strike
0-1: Ball
1-1: Ground out 6-3 (Groundball, 6, EV 90.6 MPH)
Bottom of the 5th over - 0 runs, 1 hit, 0 errors, 1 left on base; Durham 1 - Fresno 0
TOP OF THE 6TH
Durham Bulls batting - Pitching for Fresno Grizzlies : RHP Andy Montelongo
Batting: LHB Eric Toney 0-0: Ball
1-0: Ground out 4-3 (Groundball, 4, EV 88.8 MPH)
Batting: RHB Jose Arriola 0-0: Ball
1-0: Ball
2-0: Called Strike
2-1: Fly out, F8 (Flyball, 8LD, EV 94.4 MPH)
Batting: RHB Sesto Carpini 0-0: Swinging Strike
0-1: Ball
1-1: Ball
2-1: Foul Ball, location: 2F
2-2: Ball
3-2: Foul Ball, location: 2F
3-2: Ground out 5-3 (Groundball, 56, EV 82.5 MPH)
Top of the 6th over - 0 runs, 0 hits, 0 errors, 0 left on base; Durham 1 - Fresno 0
BOTTOM OF THE 6TH
Fresno Grizzlies batting - Pitching for Durham Bulls : RHP Larry Bower
Batting: RHB Chris Trites 0-0: Foul Ball, location: 2F
0-1: Ball
1-1: Swinging Strike
1-2: Ball
2-2: Ball
3-2: Base on Balls
Batting: LHB Chris Cabrera 0-0: Called Strike
Chris Trites steals 2nd base
0-1: Called Strike
0-2: Foul Ball, location: 2F
0-2: Ball
1-2: Ball
2-2: Ground out 4-3 (Groundball, 4, EV 91.2 MPH)
Chris Trites to third
Batting: LHB Bob Govella 0-0: Swinging Strike
0-1: Ball
1-1: Called Strike
1-2: Foul Ball, location: 2F
1-2: Ball
2-2: Foul Ball, location: 2F
2-2: Strikes out looking
Batting: RHB Elijah Hunter 0-0: Ball
1-0: Fly out, F8 (Flyball, 8LXD, EV 105.6 MPH)
Bottom of the 6th over - 0 runs, 0 hits, 0 errors, 1 left on base; Durham 1 - Fresno 0
TOP OF THE 7TH
Durham Bulls batting - Pitching for Fresno Grizzlies : RHP Andy Montelongo
Batting: LHB Danny Hull 0-0: Ball
1-0: Foul Ball, location: 2F
1-1: Foul Ball, location: 2F
1-2: Fly out, F8 (Flyball, 78M, EV 94.4 MPH)
Batting: RHB James Huddleston 0-0: Called Strike
0-1: SINGLE (Flyball, 78S, EV 85.0 MPH)
Batting: RHB Roberto Aispuro 0-0: Called Strike
James Huddleston steals 2nd base
0-1: Reached on error, E6 (Groundball, 6, EV 85.0 MPH)
James Huddleston to third
Batting: LHB Darryl Gonnella 0-0: Ball
1-0: SINGLE (Line Drive, 89S, EV 106.9 MPH)
James Huddleston scores
Roberto Aispuro to second
Pitching: RHP Scott Spillman
Batting: RHB Alex Diaz 0-0: Called Strike
0-1: Foul Ball, location: 2F
0-2: Strikes out swinging
Batting: LHB Davion Lewis 0-0: Called Strike
0-1: Ball
1-1: Ball
2-1: Ball
3-1: Foul Ball, location: 2F
3-2: Strikes out swinging
Top of the 7th over - 1 run, 2 hits, 1 error, 2 left on base; Durham 2 - Fresno 0
BOTTOM OF THE 7TH
Fresno Grizzlies batting - Pitching for Durham Bulls : RHP Larry Bower
Batting: RHB Bruce Bermudez 0-0: Ball
1-0: Called Strike
1-1: Called Strike
1-2: Foul Ball, location: 2F
1-2: Ball
2-2: Fly out, F8 (Flyball, 8LD, EV 107.5 MPH)
Batting: RHB Etsuro Hosokawa 0-0: Called Strike
0-1: Foul Ball, location: 2F
0-2: Strikes out swinging
Batting: RHB Sam Spohn 0-0: SINGLE (Groundball, 6D, EV 103.1 MPH)
Batting: RHB Nick Deegan 0-0: Ball
1-0: Called Strike
1-1: Called Strike
1-2: Ball
2-2: Foul Ball, location: 2F
2-2: Foul Ball, location: 2F
2-2: Ball
3-2: Foul Ball, location: 2F
3-2: Base on Balls
Sam Spohn to second
Pitching: RHP Al Speer
Batting: SHB Ryan Chicoine 0-0: Ball
1-0: Ground out 4-3 (Groundball, 34, EV 105.6 MPH)
Bottom of the 7th over - 0 runs, 1 hit, 0 errors, 2 left on base; Durham 2 - Fresno 0
TOP OF THE 8TH
Durham Bulls batting - Pitching for Fresno Grizzlies : RHP Scott Spillman
Pitching: LHP Dzintars Balodis
Batting: LHB Eric Toney 0-0: Ball
1-0: Called Strike
1-1: Ball
2-1: SINGLE (Groundball, 6D, EV 105.0 MPH)
Pitching: RHP Bill Garcia
Batting: RHB Jose Arriola 0-0: Ball
1-0: Called Strike
1-1: Fielders Choice at 2nd, 1-6 (Groundball, 34S, EV 70.6 MPH)
Batting: RHB Sesto Carpini 0-0: Ball
1-0: Ball
2-0: Ball
3-0: Base on Balls
Jose Arriola to second
Pitching: RHP Jorge Aguilar
Batting: LHB Danny Hull 0-0: Reached on error, E4 (Groundball, 4MD, EV 100.6 MPH)
Jose Arriola scores
Sesto Carpini to third
Batting: RHB James Huddleston 0-0: Ground out 5-3 (Groundball, 56S, EV 89.4 MPH)
Batting: RHB Roberto Aispuro 0-0: Ball
1-0: Ground out 4-3 (Groundball, 34, EV 78.8 MPH)
Top of the 8th over - 1 run, 1 hit, 1 error, 2 left on base; Durham 3 - Fresno 0
BOTTOM OF THE 8TH
Fresno Grizzlies batting - Pitching for Durham Bulls : RHP Al Speer
Batting: RHB Chris Trites 0-0: Called Strike
0-1: Called Strike
0-2: Ball
1-2: Ball
2-2: Ball
3-2: Fly out, F9 (Flyball, 9, EV 84.4 MPH)
Batting: LHB Chris Cabrera 0-0: Ball
1-0: Ground out 5-3 (Groundball, 56S, EV 89.4 MPH)
Batting: LHB Bob Govella 0-0: Ball
1-0: Swinging Strike
1-1: Foul Ball, location: 2F
1-2: Strikes out swinging, 2-3 out at first.
Bottom of the 8th over - 0 runs, 0 hits, 0 errors, 0 left on base; Durham 3 - Fresno 0
TOP OF THE 9TH
Durham Bulls batting - Pitching for Fresno Grizzlies : RHP Jorge Aguilar
Batting: LHB Darryl Gonnella 0-0: Swinging Strike
0-1: Ball
1-1: Swinging Strike
1-2: Fly out, F7 (Flyball, 7D, EV 88.8 MPH)
Batting: RHB Alex Diaz 0-0: Ball
1-0: Foul Ball, location: 2F
1-1: Ground out 6-3 (Groundball, 56, EV 83.1 MPH)
Batting: LHB Davion Lewis 0-0: Foul Ball, location: 2F
0-1: Ground out 4-3 (Groundball, 4, EV 83.8 MPH)
Top of the 9th over - 0 runs, 0 hits, 0 errors, 0 left on base; Durham 3 - Fresno 0
BOTTOM OF THE 9TH
Fresno Grizzlies batting - Pitching for Durham Bulls : RHP Al Speer
Pitching: RHP Cody Wilharm
Now in LF: Darryl Gonnella
Now in RF: Antonio Pacheco
Batting: RHB Elijah Hunter 0-0: Called Strike
0-1: Called Strike
0-2: Fly out, F8 (Flyball, 8RXD, EV 94.4 MPH)
Batting: RHB Bruce Bermudez 0-0: Called Strike
0-1: Ball
1-1: Ball
2-1: Ground out 3-1 (Groundball, 34, EV 92.5 MPH)
Batting: RHB Etsuro Hosokawa 0-0: Called Strike
0-1: DOUBLE (Line Drive, 89XD, EV 105.6 MPH)
Batting: RHB Sam Spohn 0-0: Swinging Strike
0-1: Fly out, F9 (Flyball, 9D, EV 109.4 MPH)
Bottom of the 9th over - 0 runs, 1 hit, 0 errors, 1 left on base; Durham 3 - Fresno 0
Sunday, July 16th , 2023 - OOTP Baseball 24.6 Build 69